 Dungeon Sprint DCSS version 0.17-a0-1718-g72dbe4d (webtiles) character file.

9000000 ztt the Axe Maniac (level 27, -47/246 (249) HPs)
             Began as a Formicid Gladiator on Aug 25, 2015.
             Was the Champion of Makhleb.
             Killed from afar by a wretched soul (90 damage)
             ... with a bolt of negative energy
             ... in the Dungeon (Sprint VIII: "Arena of Blood").
             The game lasted 00:03:17 (90 turns).

ztt the Axe Maniac (Formicid Gladiator)               Turns: 90, Time: 00:03:17

HP:   -47/246 (249) AC:  6    Str: 30    XL:     27
MP:   36/54         EV: 25    Int: 11    God:    Makhleb [******]
Gold: 0             SH:  0    Dex: 11    Spells: 0 memorised, 80 levels left

rFire  . . .     SeeInvis +     k - +∞ Axe of Woe
rCold  . . .     Clarity  .     b - +0 leather armour
rNeg   . . .     SustAt   .     (no shield)
rPois  .         Gourm    .     (helmet unavailable)
rElec  .         Spirit   .     (no cloak)
rCorr  .         Warding  .     (no gloves)
rMut   .         Stasis   +     (no boots)
MR     ++...                    (no amulet)
Stlth  +++++++++.               (no ring)
                                (no ring)

@: drained, very resistant to hostile enchantments, incredibly stealthy
A: permanent stasis, dig shafts and tunnels, four strong arms, antennae 3
a: Dig, Minor Destruction, Lesser Servant of Makhleb, Major Destruction, Greater
Servant of Makhleb, Renounce Religion


You were in the Dungeon.
You worshipped Makhleb.
Makhleb was exalted by your worship.
You were not hungry.

You visited 1 branch

Inventory:

Hand weapons
 a - a +0 war axe
 k - the +∞ Axe of Woe (weapon)
   (You found it in the Dungeon)
Missiles
 c - 3 throwing nets (quivered)
Armour
 b - a +0 leather armour (worn)
Jewellery
 l - a +30 ring of slaying
Scrolls
 j - a scroll of blinking
Potions
 e - a potion of curing
 f - a potion of heal wounds
 g - a potion of haste
 h - 2 potions of magic
 i - a potion of berserk rage
Comestibles
 d - a bread ration


   Skills:
 O Level 27(25.5) Fighting
 O Level 27(25.5) Axes
 O Level 27(25.5) Throwing
 O Level 27(25.5) Armour
 O Level 27(25.5) Dodging
 O Level 27(25.5) Stealth
 O Level 27(25.5) Unarmed Combat
 O Level 27(25.5) Spellcasting
 O Level 27(25.5) Invocations


You had 80 spell levels left.
You didn't know any spells.

Dungeon Overview and Level Annotations

Branches:
Dungeon (1/1)

Altars:
Makhleb


Innate Abilities, Weirdness & Mutations

You are under a permanent stasis effect.
You can dig through walls and to a lower floor.
Your four strong arms can wield two-handed weapons with a shield.
You have a pair of large antennae on your head (SInv).


Message History

You slash the bag of meat!
You pulverise the bag of meat into a thin bloody mist.
You kill the bag of meat!
Makhleb accepts your kill.
You feel better.
Your life force feels restored.
You slice the crawling corpse!!
You cleave the crawling corpse in twain.
You destroy the crawling corpse!
You hear a shout! x2
The eight-headed meat hydra calls on the powers of darkness!
The eight-headed meat hydra convulses!
Your body is wracked with pain!
* * * LOW HITPOINT WARNING * * *
The observer convulses!
The reaper hits you from afar with a scythe of protection!
* * * LOW HITPOINT WARNING * * *
Two crawling corpses merge to form a small abomination.
The wretched soul breathes negative energy at you.
The bolt of negative energy hits you!
You feel drained.
You die...

....###..%..).###..
......#.)).)..#
.......#)))))..#..
...o.M%.)))))......
.#......X))..%.....#
#......)))W.%%....#.
.#...%.2x.......##..
#.....#%.)....D#.. .
....%..@§§.....#...
....%##§#§%.......C
.... zW%.%..%...
.### ....#.....##
........%.G..
..............
##.......=....
#########


You could see an accursed, a reaper, an eight-headed meat hydra, an observer
(invisible), a sculptor of flesh, a large abomination, a wretched soul
(invisible), a dread, a small abomination and a bag of meat.

Vanquished Creatures
  3 hell beasts (D)
  4 greater mummies (D)
  2 wraiths (D)
  14 vampire knights (D)
  31 ogres (D)
  6 liches (D)
  2 hydras (D)
  53 orcs (D)
  10 hill giants (D)
  5 crawling corpses (D)
130 creatures vanquished.

Vanquished Creatures (others)
  Harold (D)
1 creature vanquished.

Grand Total: 131 creatures vanquished

Notes
Turn   | Place    | Note
--------------------------------------------------------------
     0 | D        | ztt the Formicid Gladiator began the quest for the Orb.
     0 | D        | Reached XP level 1. HP: 16/16 MP: 1/1
     2 | D        | Noticed a bag of meat
     3 | D        | Became a worshipper of Makhleb the Destroyer
     4 | D        | Noticed a bag of meat
     6 | D        | Noticed a bag of meat
     6 | D        | Killed a bag of meat
     6 | D        | Reached skill level 11 in Fighting
     6 | D        | Reached skill level 17 in Axes
     6 | D        | Reached XP level 2. HP: 19/37 MP: 2/2
     6 | D        | Reached XP level 3. HP: 22/43 MP: 3/3
     6 | D        | Reached XP level 4. HP: 25/50 MP: 4/4
     6 | D        | Reached XP level 5. HP: 28/56 MP: 5/5
     6 | D        | Reached XP level 6. HP: 31/62 MP: 6/6
     6 | D        | Reached XP level 7. HP: 34/68 MP: 7/7
     6 | D        | Reached XP level 8. HP: 37/75 MP: 8/8
     6 | D        | Reached XP level 9. HP: 39/81 MP: 9/9
     6 | D        | Reached XP level 10. HP: 42/88 MP: 10/10
     6 | D        | Reached XP level 11. HP: 44/94 MP: 11/11
     6 | D        | Reached XP level 12. HP: 46/100 MP: 12/12
     7 | D        | Noticed a bag of meat
     8 | D        | Killed a bag of meat
     8 | D        | Acquired Makhleb's first power
     8 | D        | Reached skill level 20 in Axes
     8 | D        | Reached XP level 13. HP: 48/111 MP: 13/13
     9 | D        | Noticed a bag of meat
    13 | D        | Noticed a bag of meat
    13 | D        | Noticed a meat berserker
    13 | D        | Killed a bag of meat
    13 | D        | Reached skill level 21 in Axes
    13 | D        | Reached skill level 10 in Throwing
    13 | D        | Reached XP level 14. HP: 76/121 MP: 14/14
    13 | D        | Killed a bag of meat
    13 | D        | Acquired Makhleb's second power
    13 | D        | Reached skill level 15 in Fighting
    13 | D        | Reached skill level 23 in Axes
    13 | D        | Reached XP level 15. HP: 126/129 MP: 15/15
    13 | D        | Killed a bag of meat
    13 | D        | Reached skill level 24 in Axes
    14 | D        | Noticed a meat berserker
    14 | D        | Noticed a bag of meat
    14 | D        | Noticed a bag of meat
    14 | D        | Noticed a bag of meat
    16 | D        | Noticed a meat berserker
    16 | D        | Killed a bag of meat
    16 | D        | Acquired Makhleb's third power
    16 | D        | Reached skill level 25 in Axes
    16 | D        | Reached XP level 16. HP: 133/141 MP: 16/16
    17 | D        | Noticed a bag of meat
    17 | D        | Noticed a bag of meat
    18 | D        | Killed a meat berserker
    18 | D        | Reached skill level 27 in Axes
    18 | D        | Killed a bag of meat
    18 | D        | Reached XP level 17. HP: 147/155 MP: 17/17
    18 | D        | Killed a meat berserker
    18 | D        | Acquired Makhleb's fourth power
    18 | D        | Reached skill level 27 in Dodging
    18 | D        | Reached XP level 18. HP: 162/173 MP: 18/18
    18 | D        | Noticed a bag of meat
    19 | D        | Noticed a destroyer
    19 | D        | Noticed a bag of meat
    19 | D        | Noticed a meat berserker
    19 | D        | Noticed a large bag of meat
    20 | D        | Noticed a meat berserker
    20 | D        | Killed a meat berserker
    20 | D        | Reached skill level 27 in Fighting
    20 | D        | Killed a destroyer
    20 | D        | Reached XP level 19. HP: 170/189 MP: 19/19
    21 | D        | Noticed a meat berserker
    21 | D        | Noticed a bag of meat
    22 | D        | Noticed a bag of meat
    22 | D        | Noticed a bag of meat
    22 | D        | Noticed a bag of meat
    22 | D        | Noticed a large bag of meat
    23 | D        | Noticed a large bag of meat
    23 | D        | Killed a large bag of meat
    23 | D        | Acquired Makhleb's fifth power
    23 | D        | Killed a bag of meat
    23 | D        | Reached skill level 27 in Throwing
    23 | D        | Reached skill level 15 in Armour
    23 | D        | Killed a bag of meat
    23 | D        | Reached XP level 20. HP: 197/197 MP: 20/20
    24 | D        | Noticed a bag of meat
    24 | D        | Killed a bag of meat
    24 | D        | Noticed a destroyer
    25 | D        | Noticed a meat berserker
    25 | D        | Killed a bag of meat
    25 | D        | Killed a bag of meat
    25 | D        | Reached skill level 27 in Armour
    25 | D        | Killed a meat berserker
    25 | D        | Reached skill level 10 in Unarmed Combat
    25 | D        | Reached skill level 10 in Spellcasting
    25 | D        | Reached XP level 21. HP: 204/204 MP: 20/35
    25 | D        | Killed a meat berserker
    26 | D        | Noticed a bag of meat
    26 | D        | Killed a bag of meat
    26 | D        | Reached skill level 15 in Unarmed Combat
    26 | D        | Reached skill level 15 in Spellcasting
    27 | D        | Noticed a meat berserker
    27 | D        | Noticed a large bag of meat
    27 | D        | Noticed a bag of meat
    27 | D        | Noticed a destroyer
    27 | D        | Killed a bag of meat
    27 | D        | Reached XP level 22. HP: 212/212 MP: 20/43
    28 | D        | Noticed a large bag of meat
    28 | D        | Noticed a meat berserker
    28 | D        | Noticed a meat berserker
    29 | D        | Killed a destroyer
    29 | D        | Killed a bag of meat
    29 | D        | Killed a meat berserker
    29 | D        | Reached skill level 27 in Stealth
    29 | D        | Reached XP level 23. HP: 211/219 MP: 20/49
    30 | D        | Noticed a bag of meat
    30 | D        | Noticed a destroyer
    30 | D        | Killed a large bag of meat
    30 | D        | Killed a meat berserker
    30 | D        | Reached skill level 27 in Invocations
    31 | D        | Noticed an eight-headed meat hydra
    31 | D        | Killed a bag of meat
    31 | D        | Reached skill level 27 in Unarmed Combat
    31 | D        | Reached skill level 27 in Spellcasting
    31 | D        | Killed a bag of meat
    31 | D        | Reached XP level 24. HP: 227/227 MP: 21/54
    31 | D        | Killed a bag of meat
    32 | D        | Noticed a meat berserker
    32 | D        | Killed a meat berserker
    32 | D        | Killed a bag of meat
    32 | D        | Killed a large bag of meat
    33 | D        | Killed a destroyer
    33 | D        | Reached XP level 25. HP: 234/234 MP: 21/54
    34 | D        | Noticed a meat berserker
    34 | D        | Noticed The Servant
    34 | D        | Killed a meat berserker
    35 | D        | Noticed a bag of meat
    35 | D        | Noticed a destroyer
    35 | D        | Noticed an eight-headed meat hydra
    35 | D        | Noticed a meat berserker
    35 | D        | Noticed a meat berserker
    35 | D        | Killed a nine-headed meat hydra
    35 | D        | Killed a large bag of meat
    35 | D        | Killed a meat berserker
    36 | D        | Killed a bag of meat
    36 | D        | Killed a large bag of meat
    37 | D        | Noticed a bag of meat
    37 | D        | Noticed a bag of meat
    37 | D        | Noticed a destroyer
    37 | D        | Noticed a bag of meat
    37 | D        | Noticed a bag of meat
    37 | D        | Noticed a large bag of meat
    37 | D        | Noticed a bag of meat
    38 | D        | Killed a destroyer
    38 | D        | Reached XP level 26. HP: 92/242 MP: 23/54
    39 | D        | Killed a meat berserker
    40 | D        | Noticed a bag of meat
    40 | D        | Noticed a bag of meat
    40 | D        | Killed a meat berserker
    40 | D        | Killed a bag of meat
    40 | D        | Killed a meat berserker
    40 | D        | Reached XP level 27. HP: 249/249 MP: 23/54
    41 | D        | Noticed a bag of meat
    41 | D        | Noticed a meat berserker
    41 | D        | Killed a meat berserker
    42 | D        | Killed a destroyer
    43 | D        | Noticed a large bag of meat
    43 | D        | Noticed a meat berserker
    44 | D        | Noticed a meat berserker
    44 | D        | Noticed a destroyer
    44 | D        | Killed a bag of meat
    45 | D        | Noticed a destroyer
    45 | D        | Noticed a meat berserker
    45 | D        | Killed a destroyer
    46 | D        | Killed a bag of meat
    47 | D        | Noticed a bag of meat
    47 | D        | Killed a bag of meat
    47 | D        | Killed a bag of meat
    48 | D        | Noticed a bag of meat
    48 | D        | Noticed a bag of meat
    48 | D        | Killed a bag of meat
    48 | D        | Killed a meat berserker
    48 | D        | Killed a meat berserker
    48 | D        | Killed a destroyer
    48 | D        | Killed a destroyer
    49 | D        | Noticed an accursed
    49 | D        | Noticed a large bag of meat
    49 | D        | Killed a nine-headed meat hydra
    49 | D        | Killed a bag of meat
    49 | D        | Noticed a tyrant
    50 | D        | Noticed a bag of meat
    50 | D        | Noticed a destroyer
    50 | D        | Noticed a tyrant
    50 | D        | Killed a meat berserker
    50 | D        | Killed a large bag of meat
    50 | D        | Killed a bag of meat
    51 | D        | Noticed a bag of meat
    51 | D        | Noticed a destroyer
    51 | D        | Noticed a bag of meat
    51 | D        | Killed a meat berserker
    52 | D        | Noticed a bag of meat
    52 | D        | Noticed a bag of meat
    52 | D        | Noticed a bag of meat
    52 | D        | Noticed a tyrant
    52 | D        | Killed an accursed
    53 | D        | Noticed a meat berserker
    53 | D        | Killed a large bag of meat
    53 | D        | Killed a bag of meat
    54 | D        | Noticed a meat berserker
    54 | D        | Noticed a bag of meat
    54 | D        | Killed a destroyer
    55 | D        | Noticed a destroyer
    55 | D        | Noticed a bag of meat
    55 | D        | Noticed a bag of meat
    55 | D        | Killed a tyrant
    55 | D        | Killed a bag of meat
    56 | D        | Noticed a meat berserker
    56 | D        | Noticed a meat berserker
    56 | D        | Killed a tyrant
    57 | D        | Noticed a bag of meat
    57 | D        | Noticed an accursed
    57 | D        | Noticed a large bag of meat
    57 | D        | Killed a bag of meat
    57 | D        | Killed a large bag of meat
    57 | D        | Killed a destroyer
    57 | D        | Killed a bag of meat
    58 | D        | Killed a destroyer
    59 | D        | Noticed a bag of meat
    59 | D        | Killed a meat berserker
    59 | D        | Killed a bag of meat
    59 | D        | Killed a bag of meat
    60 | D        | Noticed an accursed
    60 | D        | Noticed a tyrant
    60 | D        | Killed a bag of meat
    60 | D        | Killed a bag of meat
    60 | D        | Killed a bag of meat
    60 | D        | Killed a meat berserker
    61 | D        | Noticed a meat berserker
    61 | D        | Noticed an accursed
    61 | D        | Killed an accursed
    62 | D        | Noticed a tyrant
    62 | D        | Killed a tyrant
    62 | D        | Killed a meat berserker
    62 | D        | Killed a bag of meat
    63 | D        | Noticed a tyrant
    63 | D        | Killed a meat berserker
    64 | D        | Killed a bag of meat
    64 | D        | Killed a bag of meat
    64 | D        | Killed The Servant
    65 | D        | Killed a bag of meat
    66 | D        | Killed a bag of meat
    66 | D        | Killed a large bag of meat
    67 | D        | Killed a bag of meat
    67 | D        | Killed a meat berserker
    68 | D        | Noticed a dread
    68 | D        | Noticed a bag of meat
    69 | D        | Noticed a meat berserker
    69 | D        | Killed a bag of meat
    70 | D        | Noticed a destroyer
    70 | D        | Noticed a bag of meat
    70 | D        | Noticed a meat berserker
    71 | D        | Noticed a meat berserker
    71 | D        | Noticed a meat berserker
    71 | D        | Killed a dread
    71 | D        | Killed a destroyer
    72 | D        | Noticed a meat berserker
    72 | D        | Noticed a meat berserker
    72 | D        | Killed a tyrant
    72 | D        | Killed a tyrant
    73 | D        | Noticed a destroyer
    73 | D        | Killed an accursed
    74 | D        | Noticed a bag of meat
    74 | D        | Noticed a meat beast
    74 | D        | Noticed a meat berserker
    74 | D        | Noticed a bag of meat
    74 | D        | Killed a tyrant
    74 | D        | Killed a meat berserker
    75 | D        | Killed a meat berserker
    76 | D        | Noticed a bag of meat
    76 | D        | Noticed a bag of meat
    76 | D        | Noticed a destroyer
    76 | D        | Killed a meat berserker
    76 | D        | Killed an accursed
    76 | D        | Killed a destroyer
    76 | D        | Killed a bag of meat
    77 | D        | Noticed a bag of meat
    77 | D        | Noticed a meat berserker
    77 | D        | Noticed a large bag of meat
    77 | D        | Killed a meat berserker
    77 | D        | Killed a meat berserker
    77 | D        | Killed a meat beast
    78 | D        | Noticed a meat beast
    78 | D        | Noticed a wretched soul
    78 | D        | Noticed a bag of meat
    79 | D        | Noticed a dread
    79 | D        | Killed a meat berserker
    79 | D        | Killed a bag of meat
    79 | D        | Killed a meat berserker
    80 | D        | HP: 6/246 [reaper/scythe of protection[an accursed's death curse] (12)]
    80 | D        | Noticed a bag of meat
    81 | D        | Killed a meat berserker
    81 | D        | Killed a destroyer
    82 | D        | Noticed an accursed
    82 | D        | Killed a meat beast
    83 | D        | Noticed a meat beast
    83 | D        | Killed a large bag of meat
    83 | D        | Killed a bag of meat
    84 | D        | Noticed a dread
    84 | D        | Killed a bag of meat
    85 | D        | Killed a bag of meat
    86 | D        | Noticed a sculptor of flesh
    86 | D        | Killed a bag of meat
    86 | D        | Killed a meat beast
    86 | D        | Killed a bag of meat
    87 | D        | Noticed a bag of meat
    87 | D        | Killed a bag of meat
    89 | D        | Killed a dread
    90 | D        | Noticed an observer
    90 | D        | Killed a bag of meat
    90 | D        | Killed from afar by a wretched soul

Vault maps used:
D:        meatsprint

Action                   |  1- 3 |  4- 6 |  7- 9 | 10-12 | 13-15 | 16-18 | 19-21 | 22-24 | 25-27 || total
-------------------------+-------+-------+-------+-------+-------+-------+-------+-------+-------++-------
Melee: Executioner's axe |     1 |       |       |     1 |     2 |     2 |     5 |     5 |    50 ||    66
